 Dungeon Crawl Stone Soup version 0.20-a0-181-g08e0bf9 (webtiles) character file.

195 MrRokkomies the Bolt Thrower (level 6, -1/34 HPs)
             Began as a Kobold Arcane Marksman on Nov 23, 2016.
             Succumbed to an orc's poison
             ... on level 2 of the Dungeon.
             The game lasted 00:07:25 (2581 turns).

MrRokkomies the Bolt Thrower (KoAM)                 Turns: 2581, Time: 00:07:25

Health: -1/34      AC:  3    Str:  8    XL:     6   Next: 4%
Magic:  7/7        EV: 20    Int: 16    God:
Gold:   128        SH:  0    Dex: 20    Spells: 1/7 levels left

rFire  + . .     SeeInvis .     b - +2 flail (drain)
rCold  . . .     Gourm    .     e - +1 robe
rNeg   . . .     Faith    .     (shield restricted)
rPois  .         Spirit   .     (no helmet)
rElec  .         Reflect  .     (no cloak)
rCorr  .         Harm     .     (no gloves)
MR     .....                    (no boots)
Stlth  +++.......               (no amulet)
                                m - ring of protection from fire
                                i - +3 ring of slaying

@: agile, lethally poisoned (-1 -> -22), drained
A: carnivore 3
a: no special abilities


You were on level 2 of the Dungeon.
You were not hungry.

You visited 1 branch of the dungeon, and saw 3 of its levels.

You collected 128 gold pieces.

Inventory:

Hand Weapons
 a - a +0 hand crossbow
 b - a +2 flail of draining (weapon)
Missiles
 d - 29 bolts
 q - 8 curare-tipped needles
Armour
 e - a +1 robe (worn)
Jewellery
 h - an uncursed ring of protection from cold
 i - a +3 ring of slaying (left hand)
 l - an uncursed ring of flight
 m - a ring of protection from fire (right hand)
Scrolls
 g - a scroll of enchant weapon {unknown}
 n - a scroll of teleportation {unknown}
 o - a scroll of immolation {unknown}
Books
 c - a book of Debilitation

   Spells                             Type                      Level
   a - Corona                         Hexes                        1
   b - Slow                           Hexes                        2
   c - Gell's Gravitas                Hexes/Translocation          3
   d - Inner Flame                    Hexes/Fire                   3
   e - Cause Fear                     Hexes                        4
   f - Leda's Liquefaction            Hexes/Earth                  4
Comestibles
 f - a meat ration


   Skills:
 * Level 1.2(0.7) Fighting
 - Level 5.0(4.4) Crossbows
 - Level 2.4(1.9) Dodging
 - Level 1.1(0.6) Spellcasting
 * Level 5.0(4.4) Hexes


You had one spell level left.
You knew the following spells:

 Your Spells              Type           Power        Failure   Level  Hunger
a - Corona                Hex            ##.....      4%          1    ##.....
b - Slow                  Hex            ##......     8%          2    ###....
c - Inner Flame           Hex/Fire       #.......     34%         3    ####...


Dungeon Overview and Level Annotations

Branches:
Dungeon (3/15)

Altars:

Annotations:
D:3 Robin


Innate Abilities, Weirdness & Mutations

You are small and have problems with some larger weapons.
You are carnivorous and can eat meat at any time.


Message History

The orc barely misses you.
As you read the scroll of fear, it crumbles to dust.
You assume a fearsome visage.
The goblin looks frightened!
The orc looks frightened!
The goblin looks frightened!
The orc looks frightened!
The goblin looks frightened!
You feel sick.
Unknown command.
It was a potion of magic.
Magic courses through your body.
* * * LOW HITPOINT WARNING * * *
You feel very sick.
It was a potion of agility.
You feel agile all of a sudden.
* * * LOW HITPOINT WARNING * * *
You feel sick.
* * * LOW HITPOINT WARNING * * *
You feel sick.
* * * LOW HITPOINT WARNING * * *
You feel sick.
* * * LOW HITPOINT WARNING * * *
You feel sick.
You die...

############ ###### #..........#
#..... ##..........######.....
#o..........'.......... #######
#...........#####...... ......#
#...................... ......#
#.#########............
......#####'##.....##............
......g.........@..##............
...........>..).....#(......###.#
................................#
<.....#####'#.....#.........#####
####### #)#.....#..#.##.#.#####
####'#'######.#....#.#....
#.......)# #.######.#...†
#....g...# #.## #.#....
#........# #..# #.#....


You could see a goblin (fleeing).

Vanquished Creatures
  Natasha (thrice) (D:2)
  4 gnolls
  An adder (D:2)
  2 oozes (D:2)
  4 dart slugs
  3 leopard geckos
  2 orcs (D:2)
  A ball python (D:2)
  5 giant cockroaches
  8 goblins
  5 hobgoblins
  A bat (D:1)
  3 frilled lizards
  9 kobolds
  A rat (D:1)
52 creatures vanquished.

Notes
Turn   | Place    | Note
-------+----------+-------------------------------------------
     0 | D:1      | MrRokkomies the Kobold Arcane Marksman began the quest for the Orb.
     0 | D:1      | Reached XP level 1. HP: 12/12 MP: 2/2
    73 | D:1      | Reached XP level 2. HP: 5/16 MP: 1/3
   617 | D:1      | Reached XP level 3. HP: 19/20 MP: 4/4
  1247 | D:2      | Noticed Natasha
  1259 | D:2      | Killed Natasha
  1259 | D:2      | Reached XP level 4. HP: 5/25 MP: 5/5
  1623 | D:2      | Noticed Natasha
  1634 | D:2      | Killed Natasha
  1634 | D:2      | Reached XP level 5. HP: 12/29 MP: 6/6
  1687 | D:2      | Noticed Natasha
  1699 | D:2      | Killed Natasha
  2084 | D:2      | Learned a level 2 spell: Slow
  2088 | D:2      | Learned a level 3 spell: Inner Flame
  2274 | D:3      | Reached skill level 5 in Crossbows
  2274 | D:3      | Reached XP level 6. HP: 33/34 MP: 7/7
  2331 | D:3      | Noticed Robin
  2344 | D:2      | Reached skill level 5 in Hexes
  2580 | D:2      | HP: 1/34 [poisoned by an orc]
  2581 | D:2      | Succumbed to an orc's poison

Vault maps used:
D:1:      dpeg_arrival_lava_temple_mockup
D:2:      uniq_natasha
D:3:      overflow_temple_1_default, grunt_temple_overflow_open, uniq_robin

Skill      XL: |  1  2  3  4  5  6 |
---------------+-------------------+-----
Crossbows      | 3 4 5 |  5.0
Hexes          | 4 5 |  5.0
Fighting       | |  1.2
Dodging        | |  2.4
Spellcasting   | |  1.1

Action                   |  1- 3 |  4- 6 || total
-------------------------+-------+-------++-------
Melee: Short sword       |    88 |    64 ||   152
       Flail             |       |     1 ||     1
 Fire: Hand crossbow     |    12 |    20 ||    32
 Cast: Corona            |     2 |     6 ||     8
  Use: Scroll            |     4 |     1 ||     5
       Potion            |     2 |     2 ||     4
 Stab: Distracted        |       |     3 ||     3
  Eat: Chunk             |       |     6 ||     6
Armor: Robe              |    15 |    13 ||    28
       Skin              |     2 |    18 ||    20
Dodge: Dodged            |    83 |    51 ||   134
